 Dungeon Crawl Stone Soup version 0.23.2-1-ga50397a6bc (webtiles) character file.

Game seed: 15143694308399796041

4433 PentaManta the Covert (level 10, -4/46 HPs)
             Began as a Spriggan Assassin on May 31, 2019.
             Was an Initiate of Dithmenos.
             Slain by a wight
             ... wielding a cursed +7 dagger
              (13 damage)
             ... on level 8 of the Dungeon.
             The game lasted 00:31:09 (10704 turns).

PentaManta the Covert (Spriggan Assassin)          Turns: 10704, Time: 00:31:10

Health: -4/46      AC:  5    Str:  7    XL:     10   Next: 14%
Magic:  20/20      EV: 29    Int: 12    God:    Dithmenos [......]
Gold:   322        SH:  0    Dex: 22    Spells: 9/9 levels left

rFire    . . .     SeeInvis +   J - +0 short sword
rCold    . . .     Gourm    .   (shield restricted)
rNeg     . . .     Faith    .   c - +0 robe
rPois    +         Spirit   .   (helmet restricted)
rElec    .         Reflect  .   d - +2 cloak
rCorr    .         Harm     .   (gloves unavailable)
MR       +....                  (boots unavailable)
Stlth    ++++++....             u - amulet of the acrobat
HPRegen  0.15/turn              y - ring of poison resistance
MPRegen  0.17/turn              e - ring of magical power

@: lightly drained, very quick
A: very small, unfitting armour, see invisible, herbivore, speed 3, slow
metabolism 2
a: Renounce Religion


You were on level 8 of the Dungeon.
You worshipped Dithmenos.
Dithmenos was noncommittal.
You were hungry.

You visited 2 branches of the dungeon, and saw 9 of its levels.
You also visited: Sewer.

You collected 322 gold pieces.

Inventory:

Hand Weapons
 b - a +0 blowgun
 x - a +2 dagger of venom
 J - a +0 short sword (weapon)
Missiles
 f - 28 poisoned needles
 r - 258 stones (quivered)
Armour
 c - a +0 robe (worn)
 d - a +2 cloak (worn)
 s - a +0 buckler
Jewellery
 e - a ring of magical power (right hand)
 u - an amulet of the acrobat (around neck)
 y - a ring of poison resistance (left hand)
Wands
 C - a wand of random effects (18)
 G - a wand of paralysis (13)
 I - a wand of flame (15)
Scrolls
 a - 2 scrolls of magic mapping
 l - a scroll of torment {unknown}
 m - 4 scrolls of teleportation
 n - 2 scrolls of remove curse
 p - 6 scrolls of identify
 t - 5 scrolls of amnesia
 v - a scroll of enchant armour
 B - a scroll of fog {unknown}
 E - 2 scrolls of blinking {unknown}
 H - a scroll of fear
 K - a scroll of acquirement {unknown}
Potions
 h - a potion of experience {unknown}
 i - 5 potions of curing
 j - 6 potions of might {unknown}
 k - 3 potions of heal wounds {unknown}
 o - 3 potions of invisibility
 q - a potion of brilliance {unknown}
 w - 2 potions of ambrosia {unknown}
 z - a potion of degeneration {unknown}
 A - a potion of cancellation {unknown}
 D - 2 potions of lignification {unknown}
 F - 2 potions of mutation {unknown}
Comestibles
 g - 23 rations


   Skills:
 - Level 1.5(1.3) Fighting
 - Level 11.0(10.7) Short Blades
 - Level 2.0(1.7) Throwing
 + Level 10.9(10.6) Dodging
 + Level 12.9(12.6) Stealth


You had 9 spell levels left.
You didn't know any spells.
Your spell library contained the following spells:

 Spells                   Type           Power        Failure   Level  Hunger
 Sting                    Conj/Pois      #...         32%         1    ##.....
 Poisonous Vapours        Pois/Air       #.....       45%         2    ###....
 Mephitic Cloud           Conj/Pois/Air  #.......     69%         3    ####...
 Olgreb's Toxic Radiance  Pois           #.......     97%         4    #####..
 Venom Bolt               Conj/Pois      #.........   100%        5    ######.


Dungeon Overview and Level Annotations

Branches:
Dungeon (8/15)             Temple (1/1) D:7
   Lair: D:8-11

Altars:
Ashenzari
Cheibriados
Dithmenos
Elyvilon
Fedhas
Gozag
Hepliaklqana
Kikubaaqudgha
Makhleb
Nemelex Xobeh
Okawaru
Qazlal
Sif Muna
Trog
Uskayaw
Vehumet
Wu Jian
Xom
Yredelemnul
Zin
The Shining One

Shops:
D:6 :


Innate Abilities, Weirdness & Mutations

You are very small and have problems with some larger weapons.
You are too small for most types of armour.
You have supernaturally acute eyesight. (SInv)
You are a herbivore.
You cover ground extremely quickly.
You need to consume almost no food.


Message History

The wight completely misses you.
You hit the wight but do no damage.
The wight is severely damaged.
You hit the wight but do no damage.
The wight is severely damaged.
The orc wizard is no longer moving quickly.
The orc wizard mumbles some strange words.
The orc wizard seems to speed up.
The wight barely misses you.
You hit the wight but do no damage.
The wight is severely damaged.
The wight misses you.
You hit the wight but do no damage.
The wight is severely damaged.
The orc priest invokes the aid of Beogh against you.
Beogh smites you!
* * * LOW HITPOINT WARNING * * *
You hit the wight but do no damage.
The wight is severely damaged.
The wight hits you with a cursed +7 dagger!
You die...

...
#(<†.#.......#.#
##
#.####.##.####.#
#.##...........#
#.##.#.....#####
#.##.#...#.#
#.##.#...#.#
#....##....#
#############.#
#.........oo#@#
#........oSoz(#
#.........oo###
####...#####..o#
.......# #...#
....o..# #...#
......c# #...#
######z# #...#
...o..SS.8.#....


You could see a wight, an orc priest, 2 orc wizards, an adder and 2 orcs.

Vanquished Creatures
  Joseph (D:7)
  5 yaks (D:8)
  Duvessa (D:5)
  An ice beast (D:6)
  3 ogres
  5 centaurs
  5 big kobolds (Sewer)
  4 bullfrogs (D:7)
  Dowan (D:5)
  3 scorpions
  A water moccasin zombie (D:6)
  3 killer bees (D:7)
  3 electric eels (D:6)
  3 howler monkeys
  4 crimson imps
  A bullfrog zombie (D:7)
  A jelly (D:8)
  An orc priest (D:4)
  4 hounds
  A quasit (D:5)
  A bullfrog skeleton (D:4)
  2 iguanas
  6 orc wizards
  5 worker ants
  A killer bee zombie (D:2)
  2 hound zombies
  A worker ant zombie (D:6)
  A hound skeleton (D:5)
  13 gnolls
  15 adders
  A howler monkey skeleton (D:4)
  A river rat (Sewer)
  3 oozes (Sewer)
  An adder zombie (D:8)
  2 adder skeletons
  9 worms
  4 dart slugs
  7 leopard geckos
  26 orcs
  8 giant cockroaches
  16 goblins
  12 hobgoblins
  4 jackals (D:7)
  3 quokkas
  A ball python (Sewer)
  9 bats
  5 frilled lizards
  13 kobolds
  A quokka skeleton (D:4)
  10 rats
  A plant (D:6)
235 creatures vanquished.

Vanquished Creatures (others)
  An adder skeleton (D:8)
1 creature vanquished.

Grand Total: 236 creatures vanquished

Notes
Turn   | Place    | Note
-------+----------+-------------------------------------------
     0 | D:1      | PentaManta the Spriggan Assassin began the quest for the
                  | Orb.
     0 | D:1      | Reached XP level 1. HP: 10/10 MP: 2/2
   413 | D:1      | Reached skill level 6 in Stealth
   425 | D:1      | Reached XP level 2. HP: 7/14 MP: 3/3
  1462 | D:2      | Reached XP level 3. HP: 18/18 MP: 4/4
  1691 | D:2      | Reached XP level 4. HP: 22/22 MP: 5/5
  1912 | D:2      | Found a deep blue altar of Sif Muna.
  2370 | D:3      | Reached skill level 7 in Stealth
  2378 | D:3      | Reached XP level 5. HP: 18/25 MP: 6/6
  2546 | D:3      | Found a glowing golden altar of the Shining One.
  2947 | D:3      | Reached skill level 5 in Short Blades
  3097 | D:3      | Reached XP level 6. HP: 30/30 MP: 7/7
  4106 | D:4      | Reached skill level 8 in Stealth
  4224 | D:4      | Reached skill level 5 in Dodging
  4319 | D:4      | Reached XP level 7. HP: 27/33 MP: 8/8
  4542 | D:5      | Entered Level 5 of the Dungeon
  4920 | D:5      | Noticed Duvessa
  4923 | D:5      | Noticed Dowan
  4931 | D:6      | Reached skill level 9 in Stealth
  5018 | D:6      | Found a transporter.
  5025 | D:6      | Found a transporter.
  5075 | D:6      | Reached XP level 8. HP: 34/37 MP: 9/9
  5076 | D:6      | Found Bemoskec's Book Emporium.
  5095 | D:6      | Found a glowing drain.
  5106 | Sewer    | Entered a sewer
  5561 | Sewer    | Reached skill level 10 in Stealth
  6515 | D:5      | Found a shimmering altar of Xom.
  6519 | D:5      | Found an ancient bone altar of Kikubaaqudgha.
  6561 | D:5      | Killed Dowan
  6657 | D:5      | Killed Duvessa
  6887 | D:5      | Reached XP level 9. HP: 41/41 MP: 10/10
  6907 | D:5      | Found a bloodstained altar of Trog.
  6908 | D:5      | Found a white marble altar of Elyvilon.
  6908 | D:5      | Found a hide-covered altar of Uskayaw.
  6909 | D:5      | Found a sparkling altar of Nemelex Xobeh.
  8235 | D:7      | Noticed Joseph
  8481 | D:6      | Reached skill level 11 in Stealth
  8494 | D:7      | HP: 2/41 [Joseph/sling bullet (5)]
  8791 | D:7      | Killed Joseph
  8791 | D:7      | Reached skill level 10 in Short Blades
  9779 | D:7      | Found a blossoming altar of Fedhas.
  9861 | D:7      | Found a staircase to the Ecumenical Temple.
  9871 | Temple   | Entered the Ecumenical Temple
  9937 | Temple   | Became a worshipper of Dithmenos the Shadowed
 10068 | D:7      | Reached skill level 12 in Stealth
 10432 | D:7      | Reached skill level 10 in Dodging
 10499 | D:8      | Reached XP level 10. HP: 46/46 MP: 11/11
 10704 | D:8      | Slain by a wight

Skill      XL: |  1  2  3  4  5  6  7  8  9 |
---------------+----------------------------+-----
Stealth        | 6 7 8 9 10 12 | 12.9
Dodging        | 2 3 4 5 6 8 10 | 10.9
Short Blades   | 3 4 5 6 7 9 11 | 11.0
Fighting       | |  1.5
Throwing       | |  2.0

Action                   |  1- 3 |  4- 6 |  7- 9 | 10-12 || total
-------------------------+-------+-------+-------+-------++-------
Melee: Dagger            |    87 |   204 |   620 |    30 ||   941
       Short sword       |       |       |       |    27 ||    27
 Fire: Blowgun           |    18 |     8 |     2 |       ||    28
Throw: Throwing net      |     1 |       |       |       ||     1
       Stone             |       |     9 |     7 |       ||    16
Evoke: Wand              |       |       |     5 |       ||     5
  Use: Scroll            |       |     6 |     7 |       ||    13
 Stab: Sleeping          |     9 |    19 |    30 |     6 ||    64
       Distracted        |     1 |       |     6 |       ||     7
       Held in net/web   |     1 |       |       |       ||     1
  Eat: Ration            |       |       |     4 |       ||     4
Armor: Robe              |    14 |    17 |    20 |       ||    51
Dodge: Dodged            |    55 |   151 |   353 |    29 ||   588
